 Dungeon Crawl Stone Soup version 0.29-a0-1018-g6b6670bd90 (webtiles) character file.

Game seed: 15075538610152764114

310 BritishOli the Trooper (level 6, 37/49 HPs)
             Began as a Demonspawn Fighter on Aug 10, 2022.
             Got out of the dungeon alive.
             The game lasted 00:02:49 (2362 turns).

BritishOli the Trooper (Demonspawn Fighter)         Turns: 2362, Time: 00:02:49

Health: 37/49      AC:  7    Str: 18    XL:     6   Next: 17%
Magic:  6/6        EV:  9    Int: 10    God:
Gold:   105        SH:  5    Dex: 12    Spells: 5/5 levels left

rFire   . . .      SeeInvis .   a - +0 long sword
rCold   . . .      Faith    .   c - +0 buckler
rNeg    . . .      Spirit   .   b - +0 scale mail
rPois   .          Reflect  .   (helmet restricted)
rElec   .          Harm     .   (no cloak)
rCorr   .          Rampage  .   (no gloves)
Will    .....                   (no boots)
Stlth   ..........              (no amulet)
HPRegen 0.16/turn               (no ring)
MPRegen 0.10/turn               (no ring)

@: no status effects
A: horns 2, demonic guardian 1, spiny 1
a: no special abilities


You escaped.
You visited 1 branch of the dungeon, and saw 3 of its levels.

You collected 105 gold pieces.

Inventory:

Hand Weapons
 a - a +0 long sword (weapon)
Armour
 b - a +0 scale mail (worn)
 c - a +0 buckler (worn)
Jewellery
 e - a ring of wizardry
 l - an amulet of the acrobat
 n - a +6 ring of strength
Scrolls
 f - a scroll of fear {unknown}
 g - 2 scrolls of noise {unknown}
 h - 3 scrolls of identify {unknown}
 i - a scroll of enchant weapon {unknown}
 k - 2 scrolls of blinking {unknown}
 m - a scroll of summoning {unknown}
 o - a scroll of teleportation {unknown}
 q - a scroll of magic mapping {unknown}
Potions
 d - a potion of might
 j - 3 potions of attraction {unknown}
 p - a potion of degeneration {unknown}
 r - a potion of heal wounds {unknown}
 s - a potion of curing {unknown}
 t - a potion of resistance {unknown}
 u - a potion of flight {unknown}


   Skills:
 + Level 4.3 Fighting
 + Level 3.2 Long Blades
 + Level 4.0 Armour
 + Level 3.9 Shields


You had 5 spell levels left.
You didn't know any spells.
Your spell library was empty.

Dungeon Overview and Level Annotations

Branches:
Dungeon (3/15)

Altars:
Yredelemnul


Innate Abilities, Weirdness & Mutations

You have a pair of horns on your head.
A weak demonic guardian rushes to your aid.
You are partially covered in sharp spines.


Message History

You miss something. You headbutt something!
You hear some strange, mumbled words.
Something tries to affect you, but you resist.
You hear some strange, mumbled words.
A magic dart appears from out of thin air!
The magic dart hits you.
A demonic guardian appears!
You closely miss something. Something hits you but does no damage.
You closely miss something. Something hits you but does no damage.
You closely miss something.
Reactivating autopickup.
You feel a bit more experienced.
You closely miss the orc. You headbutt the orc!
You kill the orc!
Your Armour skill increases to level 4!
You slash the orc!
You kill the orc!
Items here: )))) [[ ††.
Unknown command.
You swap places.
Items here: )))) [[ ††.
Okay, then.
Things that are here:
a +0 flail; 3 boomerangs
(D) Dungeon
Where to? (Enter - D:3, ? - help)
Your white imp disappears in a puff of smoke!
There is a stone staircase leading up here.
You climb upwards.
There is a stone staircase leading down here.
(D) Dungeon
Where to? (Enter - D:2, ? - help)
There is a stone staircase leading up here.
You climb upwards.
There is a stone staircase leading down here.
(D) Dungeon
Where to? (Enter - D:1, ? - help)
Okay, then.
There is a staircase leading out of the dungeon here.
Are you sure you want to leave the Dungeon?
This will make you lose the game!
You have escaped!

# ##..#####.......# #
####..## ######..#
###....## ######..#
##..#### ##.......# ...##
####.......##### ####
##.##..###### #.# #
##..##..#..### #.#
########...##.......###.#
(.....##...###..@....##.#
#####......# ###..#..##.#
#..........# ######..##.#
..#######..###.......##.#
### ####...##.......###.#
#####.....###..######
#.####### #..)......#
#..###### #.......##
..####.####
#.......###........## .##
#.# ##.......##.........#


There were no monsters in sight!

Vanquished Creatures
  Sigmund (D:3)
  2 orc wizards (D:3)
  3 adders
  A worm (D:2)
  A dart slug (D:1)
  4 orcs (D:3)
  8 endoplasms
  6 giant cockroaches
  2 goblins
  4 hobgoblins
  3 jackals (D:2)
  3 kobolds (D:1)
  2 quokkas (D:2)
  A ball python (D:1)
  5 bats
  4 frilled lizards
  2 rats
52 creatures vanquished.

Vanquished Creatures (collateral kills)
  A goblin (D:2)
  A hobgoblin (D:2)
2 creatures vanquished.

Grand Total: 54 creatures vanquished

Notes
Turn   | Place    | Note
-------+----------+-------------------------------------------
     0 | D:1      | BritishOli the Demonspawn Fighter began the quest for the
                  | Orb.
     0 | D:1      | Reached XP level 1. HP: 18/18 MP: 1/1
   228 | D:1      | Gained mutation: A weak demonic guardian rushes to your
                  | aid. [demonic ancestry]
   228 | D:1      | Reached XP level 2. HP: 24/24 MP: 2/2
   967 | D:2      | Found a basalt altar of Yredelemnul.
  1008 | D:2      | Gained mutation: You have a pair of small horns on your
                  | head. [demonic ancestry]
  1008 | D:2      | Reached XP level 3. HP: 25/29 MP: 3/3
  1164 | D:2      | Found a faded altar of an unknown god.
  2023 | D:3      | Reached XP level 4. HP: 33/36 MP: 4/4
  2053 | D:3      | Noticed Sigmund
  2068 | D:3      | Killed Sigmund
  2069 | D:3      | Gained mutation: You are partially covered in sharp spines.
                  | [demonic ancestry]
  2069 | D:3      | Reached XP level 5. HP: 33/42 MP: 5/5
  2253 | D:3      | Gained mutation: You have a pair of horns on your head.
                  | [demonic ancestry]
  2253 | D:3      | Reached XP level 6. HP: 23/48 MP: 6/6
  2362 | D:$      | Got out of the dungeon alive.

Illustrated notes

Levels and vault maps discovered:
D:1:      minmay_arrival_wavy_path, layout_rooms, serial_park_tiny_pond
D:2:      layout_loops_cross, hellmonk_ecumenical_altar_blasted, basic_altar,
          small_statue_intersection, nicolae_figureground_pulse
D:3:      layout_basic, bloody_makhleb, uniq_sigmund

Skill      XL: |  1  2  3  4  5  6 |
---------------+-------------------+-----
Long Blades    | 2 3 |  3.2
Armour         | 3 4 |  4.0
Shields        | 3 |  3.9
Fighting       | 4 |  4.3

Action                   |  1- 3 |  4- 6 || total
-------------------------+-------+-------++-------
Melee: Long sword        |   156 |    30 ||   186
       Headbutt          |     8 |     9 ||    17
Armor: Scale mail        |    86 |     4 ||    90
Dodge: Dodged            |    77 |    11 ||    88
Block: Buckler           |    31 |     2 ||    33

Table legend: (Time is in decaauts)
 A = Elapsed time spent in this place.
 B = Non-inter-level travel time spent in this place.
 C = Inter-level travel time spent in this place.
 D = Time resting spent in this place.
 E = Time spent auto-exploring this place.
 F = Levels seen in this place.
 G = Mean time per level.
                   A        B        C        D        E       F      G
               +--------+--------+--------+--------+--------+-----+--------+
         Total |   2423 |   2264 |    159 |      0 |   1825 |   3 |  807.7 |
       Dungeon |   2423 |   2264 |    159 |      0 |   1825 |   3 |  807.7 |
               +--------+--------+--------+--------+--------+-----+--------+

Top non-repeatable levels by time:
     D:2: 984 daAuts
     D:1: 915 daAuts
     D:3: 523 daAuts
